 Dungeon Sprint DCSS version 0.31.0-9-g3a7656b989 (webtiles) character file.

Game seed: 13650994382006643714

265 Heoruswealwe the Spear-Bearer (level 5, -8/53 HPs)
             Began as a Minotaur Fighter on Feb 2, 2024.
             Was an Initiate of Gozag.
             Mangled by a hornet (12 damage)
             ... in the Dungeon (Sprint IX: "|||||||||||||||||||||||||||||").
             The game lasted 00:02:13 (183 turns).

Heoruswealwe the Spear-Bearer (Minotaur Fighter)     Turns: 183, Time: 00:02:15

Health: -8/53      AC: 11    Str: 29    XL:     5   Next: 99%
Magic:  4/4        EV: 10    Int:  5    God:    Gozag
Gold:   0          SH:  0    Dex:  9    Spells: 4/4 levels left

rFire   . . .        b - +2 halberd (protect)
rCold   . . .        (shield currently unavailable)
rNeg    . . .        c - +2 ring mail
rPois   .            (helmet restricted)
rElec   .            h - +0 cloak
rCorr   .            f - +0 pair of gloves
SInv    .            (no boots)
Will    .....        (no amulet) Stlth
                     k - +3 ring of strength
HPRegen 0.28/turn    j - +3 ring of strength
MPRegen 0.09/turn

%: no teleportation
@: slowed, very slow
A: horns 2, retaliatory headbutt
a: Renounce Religion, Potion Petition, Call Merchant, Bribe Branch


You were in the Dungeon.
You worshipped Gozag.
Gozag was noncommittal.
You visited 1 branch

Inventory:

Hand Weapons
 a - a +0 trident
 b - a +2 halberd of protection (weapon)
Armour
 c - a +2 ring mail (worn)
 d - a +0 buckler
 f - a +0 pair of gloves (worn)
 h - a +0 cloak (worn)
Jewellery
 j - a +3 ring of strength (right hand)
 k - a +3 ring of strength (left hand)
Wands
 m - a wand of roots (10)
Scrolls
 o - 2 scrolls of blinking
Potions
 g - a potion of haste
 i - a potion of berserk rage
 l - 2 potions of heal wounds
 n - a potion of might


   Skills:
 + Level 8.3 Fighting
 * Level 10.7 Polearms
 + Level 8.3 Armour
 - Level 3.6 Shields


You had 4 spell levels left.
You didn't know any spells.
Your spell library was empty.

Dungeon Overview and Level Annotations

Branches:
Dungeon (1/1)

Altars:
Cheibriados
Dithmenos
Elyvilon
Fedhas
Gozag
Hepliaklqana
Kikubaaqudgha
Makhleb
Nemelex Xobeh
Okawaru
Qazlal
Ru
Sif Muna
Trog
Uskayaw
Vehumet
Wu Jian
Xom
Yredelemnul
Zin
The Shining One
Jiyva
Lugonu


Innate Abilities, Weirdness & Mutations

You have a pair of horns on your head.
You reflexively headbutt those who attack you in melee.


Message History

The hornet stings you but does no damage. x2
You hit the hornet.
The hornet is lightly wounded.
The hornet stings you but does no damage.
The hornet misses you. You furiously retaliate!
You headbutt the hornet! You puncture the hornet!
The hornet is severely wounded.
The hornet stings you but does no damage. x2
You barely miss the hornet.
The hornet is heavily wounded.
You feel yourself speed up.
The hornet stings you but does no damage.
The hornet closely misses you.
You closely miss the hornet. Your headbutt misses the hornet.
The hornet is heavily wounded.
The hornet stings you!
You feel yourself slow down. The hornet stings you.
You feel as though you will be slow longer.
You barely miss the hornet. You headbutt the hornet.
The hornet is heavily wounded.
The hornet stings you.
You are poisoned.
You feel as though you will be slow longer.
The hornet stings you!
* * * LOW HITPOINT WARNING * * *
You are lethally poisoned!
You feel as though you will be slow longer.
You feel better.
The hornet stings you but does no damage.
The hornet stings you!
* * * LOW HITPOINT WARNING * * *
You feel as though you will be slow longer.
You closely miss the hornet.
The hornet is heavily wounded.
The hornet stings you!
* * * LOW HITPOINT WARNING * * *
You feel as though you will be slow longer.
The hornet closely misses you. You furiously retaliate!
You headbutt the hornet! The hornet stings you!
You die...
Your body crumbles into a pile of gold.

▓.▓
▓.▓
▓.▓
▓.▓
▓c▓
▓T▓
▓y▓
▓@▓
▓.▓
▓.▓
▓.▓
▓.▓
▓[▓
▓)▓
▓?▓
▓!▓


You could see a troll, a hornet and a centaur.

Vanquished Creatures
  A yak (D)
  2 iguanas (D)
  2 orc wizards (D)
  An adder (D)
  An orc (D)
  A hobgoblin (D)
  A ball python (D)
  A bat (D)
  A frilled lizard (D)
  A kobold (D)
12 creatures vanquished.

Notes
Turn   | Place    | Note
-------+----------+-------------------------------------------
     0 | D        | Heoruswealwe the Minotaur Fighter began the quest for the
                  | Orb.
     0 | D        | Reached XP level 1. HP: 19/19 MP: 0/0
     8 | D        | Reached skill level 3 in Polearms
    26 | D        | Noticed an iguana
    26 | D        | Noticed an iguana
    26 | D        | Noticed an orc wizard
    44 | D        | Killed an orc wizard
    45 | D        | Reached skill level 5 in Fighting
    45 | D        | Reached skill level 5 in Polearms
    45 | D        | Reached skill level 5 in Armour
    45 | D        | Reached XP level 2. HP: 22/29 MP: 1/1
    45 | D        | Reached XP level 3. HP: 27/36 MP: 2/2
    51 | D        | Reached skill level 6 in Polearms
    59 | D        | Reached skill level 7 in Polearms
    59 | D        | Reached XP level 4. HP: 20/44 MP: 3/3
    68 | D        | Found a snail-covered altar of Cheibriados.
    68 | D        | Found a shadowy altar of Dithmenos.
    68 | D        | Found a white marble altar of Elyvilon.
    68 | D        | Found a blossoming altar of Fedhas.
    68 | D        | Found an opulent altar of Gozag.
    69 | D        | Found a hazy altar of Hepliaklqana.
    70 | D        | Found a viscous altar of Jiyva.
    71 | D        | Found an ancient bone altar of Kikubaaqudgha.
    72 | D        | Found a corrupted altar of Lugonu.
    73 | D        | Found a burning altar of Makhleb.
    74 | D        | Found a sparkling altar of Nemelex Xobeh.
    75 | D        | Found an iron altar of Okawaru.
    76 | D        | Became a worshipper of Gozag Ym Sagoz the Greedy
    77 | D        | Found a stormy altar of Qazlal.
    78 | D        | Found a sacrificial altar of Ru.
    79 | D        | Found a shimmering blue altar of Sif Muna.
    80 | D        | Found a bloodstained altar of Trog.
    81 | D        | Found a hide-covered altar of Uskayaw.
    82 | D        | Found a radiant altar of Vehumet.
    83 | D        | Found an ornate altar of the Wu Jian Council.
    84 | D        | Found a shimmering altar of Xom.
    85 | D        | Found a basalt altar of Yredelemnul.
    86 | D        | Found a glowing silver altar of Zin.
    87 | D        | Found a glowing golden altar of the Shining One.
   155 | D        | Noticed a troll
   155 | D        | Noticed a hornet
   155 | D        | Noticed a centaur
   155 | D        | Noticed a yak
   161 | D        | Killed a yak
   162 | D        | Reached skill level 10 in Polearms
   162 | D        | Reached XP level 5. HP: 53/53 MP: 4/4
   175 | D        | Paralysed by a hornet for 1 turns
   183 | D        | Mangled by a hornet

Illustrated notes

Levels and vault maps discovered:
D:        linesprint [early_d, line_temple, items_1, d_10, items_2, lair_1,
          lair_end, items_3, orc_1, orc_end, items_4, d_15, swamp_1, shoals_1,
          snake_1, spider_1, d_20, vaults_1, items_5, swamp_end, shoals_end,
          snake_end, spider_end, vaults_end, d_27, items_6, zot_1, zot_end,
          crypt_end, forest_end, elf_end, slime_end, tomb_end, abyss_end,
          pan_hell_end]

Skill      XL: |  1  2  3  4 |
---------------+-------------+-----
Polearms       | 5 7 10 | 10.7
Fighting       | 5 6 8 |  8.3
Armour         | 5 6 8 |  8.3
Shields        | |  3.6

Action                     |  1- 3 |  4- 6 || total
---------------------------+-------+-------++-------
  Melee: Trident           |    46 |     4 ||    50
         Headbutt          |     2 |     5 ||     7
         Halberd           |       |    21 ||    21
    Use: Potion            |     1 |     5 ||     6
 Armour: Scale mail        |    31 |     4 ||    35
         Ring mail         |       |    31 ||    31
  Dodge: Dodged            |    12 |     8 ||    20
  Block: Buckler           |     5 |       ||     5
